 Dungeon Crawl Stone Soup version 0.28.0-53-g5a82cb258f (webtiles) character file.

Game seed: 7922438658582276019

58 Peloso the Covered (level 3, -2/33 HPs)
             Began as a Minotaur Fighter on June 14, 2022.
             Killed by divine providence
             ... invoked by an orc priest
              (14 damage)
             ... on level 2 of the Dungeon.
             The game lasted 00:03:16 (1458 turns).

Peloso the Covered (Minotaur Fighter)               Turns: 1458, Time: 00:03:17

Health: -2/33      AC:  9    Str: 20    XL:     3   Next: 76%
Magic:  2/2        EV: 11    Int:  5    God:
Gold:   26         SH:  4    Dex: 11    Spells: 2/2 levels left

rFire   . . .      SeeInvis .   a - +0 long sword
rCold   . . .      Faith    .   c - +0 buckler
rNeg    . . .      Spirit   .   f - +0 chain mail
rPois   .          Reflect  .   (helmet restricted)
rElec   .          Harm     .   (no cloak)
rCorr   .          Rampage  .   (no gloves)
Will    .....                   (no boots)
Stlth   ..........              (no amulet)
HPRegen 0.11/turn               k - +4 ring of evasion
MPRegen 0.08/turn               (no ring)

@: no status effects
A: horns 2, retaliatory headbutt
a: no special abilities


You were on level 2 of the Dungeon.
You visited 1 branch of the dungeon, and saw 2 of its levels.

You collected 26 gold pieces.

Inventory:

Hand Weapons
 a - a +0 long sword (weapon)
Armour
 b - a +0 scale mail
 c - a +0 buckler (worn)
 f - a +0 chain mail (worn)
Jewellery
 k - a +4 ring of evasion (left hand)
Scrolls
 e - 2 scrolls of identify {unknown}
 j - a scroll of summoning {unknown}
Potions
 d - a potion of might
 g - 2 potions of lignification {unknown}
 h - a potion of curing {unknown}
 i - a potion of heal wounds {unknown}


   Skills:
 + Level 4.2 Fighting
 + Level 3.3 Long Blades
 + Level 4.4 Armour
 + Level 4.0 Shields


You had 2 spell levels left.
You didn't know any spells.
Your spell library contained the following spells:

 Spells                   Type           Power      Damage    Failure   Level
 Apportation              Tloc           0%         N/A       100%        1
 Alistair's Intoxication  Tmut/Pois      0%         N/A       100%        5


Dungeon Overview and Level Annotations

Branches:
Dungeon (2/15)

Altars:
Hepliaklqana

Shops:
D:1 ?


Innate Abilities, Weirdness & Mutations

You have a pair of horns on your head.
You reflexively headbutt those who attack you in melee.


Message History

The bat hits you but does no damage. The bat barely misses you.
You slash the bat!
You kill the bat!
The hobgoblin hits you but does no damage.
You hit the hobgoblin.
You kill the hobgoblin!
The endoplasm hits you but does no damage.
An orc wizard comes into view. It is wielding a +0 dagger.
Found a leather armour.
The endoplasm freezes you.
You are frozen.
You see here a hobgoblin corpse.
You hit the endoplasm.
The endoplasm is moderately wounded.
The endoplasm barely misses you.
An orc priest comes into view. It is wielding a +0 club.
The orc wizard mumbles some strange words.
The orc wizard flickers and vanishes!
Deactivating autopickup; reactivate with Ctrl-A.
The orc priest shouts!
You hit the endoplasm.
You kill the endoplasm!
You are confused.
A bat comes into view.
A magic dart appears from out of thin air!
The magic dart hits you.
A magic dart appears from out of thin air!
The magic dart hits you but does no damage.
You feel less confused.
The orc priest calls down the wrath of Beogh upon you.
Beogh smites you!
You see here a bat corpse.
A goblin comes into view. It is wielding a +0 club.
The goblin shouts!
Found a cloak.
The orc wizard casts a spell at you. The puff of flame hits you!
The orc priest calls down the wrath of Beogh upon you.
Beogh smites you!
You die...

##.........## ##.####... #....#
..##........# #......... ##....#
..##........# #......... #.....#
..##........###......[.# #.....#
..##.........##......... #...###
...........#.##.g....... #...#
##............#......... #...#
#..†.##....#.##.# #.o.#
##..<.##....#.##@# #...#
......##....#.##.##########.## .
....).##....#..#.##.....# #.###.#
......###......#.##.....# #.....#
##....###........##.....# #......
........#.......o##.....###†###..
........#........##.........# .
........#.......o......o.##.###
........#......#>##...........#


You could see an orc priest, an orc wizard and a goblin.

Vanquished Creatures
  An adder (D:2)
  A worm (D:2)
  2 dart slugs (D:1)
  3 ball pythons
  4 endoplasms
  A giant cockroach (D:1)
  5 goblins
  6 hobgoblins
  2 quokkas
  5 bats
  6 kobolds
  3 rats (D:1)
39 creatures vanquished.

Notes
Turn   | Place    | Note
-------+----------+-------------------------------------------
     0 | D:1      | Peloso the Minotaur Fighter began the quest for the Orb.
     0 | D:1      | Reached XP level 1. HP: 19/19 MP: 0/0
   291 | D:1      | Reached XP level 2. HP: 27/27 MP: 1/1
   318 | D:1      | Found a faded altar of an unknown god.
   631 | D:1      | Found Iwuoqun's Magic Scroll Shop.
  1043 | D:2      | Reached XP level 3. HP: 18/33 MP: 2/2
  1251 | D:2      | Found a hazy altar of Hepliaklqana.
  1458 | D:2      | Killed from afar by an orc priest

Illustrated notes

Levels and vault maps discovered:
D:1:      dpeg_arrival_tiny_j, layout_loops_ring,
          chequers_ecumenical_altar_simple, serial_shops, nicolae_lakefront_shop
D:2:      layout_basic, basic_altar, kennysheep_generic_room_3, uniq_terence,
          uniq_sigmund

Skill      XL: |  1  2  3 |
---------------+----------+-----
Armour         | 4 |  4.4
Long Blades    | 3 |  3.3
Fighting       | 4 |  4.2
Shields        | 4 |  4.0

Action                   || total
-------------------------++-------
Melee: Long sword        ||    94
       Headbutt          ||    11
Armor: Chain mail        ||    76
Dodge: Dodged            ||    49
Block: Buckler           ||    36
